AoeStats
← JustClus

Arena

510334071Analyzed
1v1 RM · 17h ago on Sep 30, 2026· 17m 31s· 2 players
Game mode
Random Map
Map size
Tiny (2 player)
Population
200
Speed
Normal
Resources
Standard
Victory
Conquest
Starting age
Dark Age
Ending age
Imperial Age
RankedLock teamsTeams togetherTeam positionsShared explorationLock speedFull tech treeHidden civsTurbo modeCheats
Victory
Defeat
🇹🇷 Spanish · Türkiye
1050
+16
🇹🇼 Britons · Taiwan
1040
-16
hgsteven
9:37 Loom
11:23 Feudal Age
12:20 Town Watch
15:46 Castle Age
13:58 Double-Bit Axe
14:55 Horse Collar
JustClus
11:39 Feudal Age
10:31 Loom
15:14 Castle Age
12:59 Horse Collar
13:07 Double-Bit Axe
Connection lost

Rejoining the realm…

Still unreachable

The connection could not be restored.

Session expired

The server has moved on; the page needs a fresh start.